 Dungeon Crawl Stone Soup version 0.20.0-14-g326068f (webtiles) character file.

132098 Soyweiser the Severer (level 17, -4/154 HPs)
             Began as a Hill Orc Fighter on June 8, 2017.
             Was a High Priest of Beogh.
             Killed from afar by an orc sorcerer (11 damage)
             ... with a bolt of fire
             ... while paralysed by an orc sorcerer
             ... on level 1 of the Orcish Mines.
             The game lasted 03:15:46 (37284 turns).

Soyweiser the Severer (Hill Orc Fighter)           Turns: 37284, Time: 03:15:49

Health: -4/154     AC:  7    Str: 23    XL:     17   Next: 11%
Magic:  24/24      EV:  2    Int: 12    God:    Beogh [*****.]
Gold:   1496       SH:  0    Dex: 11    Spells: 15/16 levels left

rFire    + . .     SeeInvis .   a - +4 war axe (protect)
rCold    + . .     Gourm    .   Q - +1 shield
rNeg     . . .     Faith    .   F - +1 scale mail "Ucuvait" {rF+ MR+}
rPois    +         Spirit   .   L - +3 helmet of Resonance {*Contam rElec rCorr}
rElec    +         Reflect  .   c - scarf {repulsion}
rCorr    +         Harm     .   K - +0 pair of gloves
MR       ++...                  w - +1 pair of boots
Stlth    ..........             k - amulet of rage
Regen    0.4/turn               W - ring of Robustness {AC+8}
MPRegen  0.2/turn               N - ring of Leaves {rCorr rPois rC+ Int+2}

@: paralysed, corroded, drained, repel missiles
A: walk on water
a: Smiting, Recall Orcish Followers, Give Item to Named Follower, Renounce
Religion, Evoke Berserk Rage


You were on level 1 of the Orcish Mines.
You worshipped Beogh.
Beogh was extremely pleased with you.
You were not hungry.

You visited 9 branches of the dungeon, and saw 33 of its levels.
You also visited: Labyrinth and Sewer.

You collected 2347 gold pieces.
You spent 851 gold pieces at shops.

Inventory:

Hand Weapons
 a - a +4 war axe of protection (weapon)
 H - a +0 broad axe
 X - a +6 trident of holy wrath
Missiles
 g - 18 tomahawks (quivered)
Armour
 c - a scarf of repulsion (worn)
 w - a +1 pair of boots (worn)
 F - the +1 scale mail "Ucuvait" (worn) {rF+ MR+}
   (You found it in a labyrinth)

   It protects you from fire.
   It affects your resistance to hostile enchantments.
 K - a +0 pair of gloves (worn)
 L - the +3 helmet of Resonance (worn) {*Contam rElec rCorr}
   (You found it on level 13 of the Dungeon)

   It insulates you from electricity.
   It causes magical contamination when unequipped.
   It protects you from acid and corrosion.
 Q - a +1 shield (worn)
Jewellery
 k - an amulet of rage (around neck)
 l - a +3 ring of slaying
 p - an uncursed ring of ice
 G - an uncursed amulet of regeneration
 N - the ring of Leaves (right hand) {rCorr rPois rC+ Int+2}
   (You found it on level 9 of the Dungeon)

   [ring of resist corrosion]

   It affects your intelligence (+2).
   It protects you from cold.
   It protects you from poison.
 W - the ring of Robustness (left hand) {AC+8}
   (You found it on level 9 of the Dungeon)

   [ring of protection]

   It affects your AC (+8).
Wands
 i - a wand of paralysis (10/24)
 m - a wand of digging (8/24)
 o - a wand of paralysis (8/24)
 q - a wand of flame (21/48)
 r - a wand of confusion (33/48)
 y - a wand of scattershot (7/9)
 z - a wand of digging (14/24)
 I - a wand of iceblast (10/15)
 O - a wand of lightning (12/15)
 P - a wand of clouds (1/9)
 T - a wand of digging (18/24)
 V - a wand of iceblast (11/15)
 Y - a wand of iceblast (11/15)
Scrolls
 h - 11 scrolls of teleportation
 j - 5 scrolls of remove curse
 s - 2 scrolls of fog
 D - 2 scrolls of blinking
 J - 2 scrolls of enchant weapon
 M - a scroll of magic mapping
 R - a scroll of fear
Potions
 b - a potion of brilliance
 d - 4 potions of might
 f - 4 potions of agility
 n - 5 potions of berserk rage
 t - 4 potions of haste
 u - 4 potions of magic
 x - 5 potions of flight
 A - 2 potions of invisibility
 B - 5 potions of heal wounds
 E - 15 potions of curing
Miscellaneous
 e - a lightning rod (4/4)
 S - a fan of gales
 Z - a phial of floods
Comestibles
 v - 7 royal jellies
 U - 16 fruits


   Skills:
 * Level 14.4(13.6) Fighting
 + Level 17.7(17.0) Axes
   Level 1.6(9.6) Maces & Flails
 - Level 3.0(9.9) Polearms
 + Level 15.4(14.5) Armour
 + Level 4.7(4.0) Dodging
 + Level 15.6(14.7) Shields
 - Level 6.0(5.3) Invocations
 + Level 10.2(9.4) Evocations


You had 15 spell levels left.
You knew the following spells:

 Your Spells              Type           Power        Failure   Level  Hunger
a - Corona                Hex            #......      54%         1    ##.....


Dungeon Overview and Level Annotations

Branches:
Dungeon (15/15)            Temple (1/1) D:5            Lair (6/6) D:9
  Swamp (0/4) Lair:4       Spider (1/4) Lair:4        Slime (2/5) Lair:6
    Orc (2/2) D:9             Elf (1/3) Orc:2        Vaults (0/5) D:14
 Depths (4/5) D:15           Hell (1/1)
    Dis: Hell:1         Geh: Hell:1         Coc: Hell:1         Tar: Hell:1

Altars:
Ashenzari
Cheibriados
Dithmenos
Elyvilon
Fedhas
Gozag
Hepliaklqana
Kikubaaqudgha
Makhleb
Nemelex Xobeh
Okawaru
Qazlal
Ru
Sif Muna
Trog
Uskayaw
Vehumet
Xom
Yredelemnul
Zin
The Shining One
Beogh

Shops:
D:8 ?   D:10 :   D:12 !   Orc:2 (:

Portals:
Hell: Depths:2
Pandemonium: Depths:1
Trove: D:13 (show abyssal rune of Zot)

Annotations:
D:15 2 transporters
Hell Geryon


Message History

A gnoll comes into view. It is wielding a halberd.
The deep elf mage hits your orc priest with a dagger.
The deep elf mage casts a spell at you. The magic dart hits you!
* * * LOW HITPOINT WARNING * * *
The deep elf mage hits you with a long sword.
* * * LOW HITPOINT WARNING * * *
The deep elf mage hits you with a long sword.
* * * LOW HITPOINT WARNING * * *
The red devil hits you but does no damage.
The rust devil hits you.
* * * LOW HITPOINT WARNING * * *
Your orc priest completely misses the deep elf mage.
The rust devil hits you.
* * * LOW HITPOINT WARNING * * *
The orc sorcerer gestures at you while chanting.
Helpless, you fail to dodge the bolt of fire.
You resist.
You die...
Beogh appreciates the orc sorcerer's killing of a heretic priest.

..#...............
..................
.................. .
....................
$......>............
...................
.....#...(.)#.... .
....#.....e4##.#....
.........eoe@eg.#
....≈≈≈≈≈ooo4e.*...e
...≈≈≈≈≈≈≈≈≈o4*.#.##
#.e≈######≈oee.#
#.≈≈ #≈)*.... #.≈
.≈≈...... #≈gg..#.##
#≈≈...###


You could see 2 rust devils, 8 deep elf magi, an orc sorcerer, a red devil, an
orc warrior, a gnoll shaman, an orc priest, 3 battlespheres, 2 gnolls, a
friendly orc knight, a friendly orc priest and a friendly orc.

Vanquished Creatures
  2 acid blobs (Slime:1)
  Kirke (Lair:5)
  A sphinx (Depths:1)
  An azure jelly (Slime:1)
  An entropy weaver (Lair:5)
  A stone giant (Depths:4)
  A vampire knight (Depths:1)
  2 ettins
  A minotaur (Lab)
  Snorg (D:10)
  A yaktaur captain (Depths:1)
  The ghost of Rakdos the Carver, a journeyman MiBe of Trog (D:11)
  2 rakshasas
  A great orb of eyes (Depths:1)
  5 hydras
  3 ogre magi
  2 ice dragons (Depths:1)
  2 catoblepae
  13 two-headed ogres
  Erica (D:9)
  3 centaur warriors
  3 tengu warriors (Depths:1)
  5 death yaks (Lair:6)
  2 spriggan berserkers (Depths:2)
  Sonja (D:10)
  A sixfirhy (Depths:1)
  A skeletal warrior (D:14)
  A torturous demonspawn (Depths:1)
  4 unseen horrors
  A glowing orange brain (Depths:1)
  A shadow demon (Depths:1)
  Pikel (D:5)
  3 orc knights
  An oklob plant (Lair:6)
  A wolf spider (D:15)
  16 ugly things
  2 orc sorcerers (Orc:2)
  4 deep elf magi
  4 manticores
  2 cyclopes
  Joseph (D:8)
  4 black mambas
  5 spiny frogs
  6 centaur skeletons
  3 gargoyles
  An efreet (D:13)
  6 komodo dragons
  A kobold demonologist (D:13)
  7 yaktaurs
  A komodo dragon (shapeshifter) (Depths:1)
  3 tengu conjurers
  A jumping spider (Lair:4)
  3 trolls
  3 hornets (Depths:2)
  8 hippogriffs
  8 blink frogs
  10 slime creatures
  9 dream sheep
  4 redbacks (Lair:4)
  A centaur simulacrum (D:15)
  8 spriggans (Depths:2)
  2 ynoxinuls (Depths:1)
  2 vampires
  Sigmund (D:6)
  A shadow (D:11)
  3 wraiths
  2 golden eyes (shapeshifter)
  A human (D:7)
  5 water elementals (D:11)
  3 large abominations (D:9)
  52 yaks
  2 basilisks (D:9)
  3 wyverns
  7 hogs
  A steam dragon (Lair:4)
  A vampire mosquito (Lair:4)
  3 hungry ghosts
  3 wargs
  6 soldier ants
  An acid dragon (D:15)
  5 porcupines
  6 water moccasins
  Duvessa (D:5)
  An orc warrior (D:9)
  3 sky beasts
  4 slaves
  2 phantoms
  4 black bears
  Purgy (Sewer)
  4 ice beasts
  A hornet zombie (D:9)
  2 eyes of draining
  A boggart (D:14)
  2 necrophages
  8 ogres
  24 wolves
  15 centaurs
  13 crocodiles
  3 big kobolds (D:14)
  13 bullfrogs
  Dowan (D:5)
  4 small abominations (D:9)
  A gnoll sergeant (D:7)
  6 scorpions
  3 killer bees (D:7)
  10 wights
  6 electric eels
  2 howler monkeys
  7 crimson imps
  A bullfrog zombie (D:12)
  3 centaur zombies
  9 hounds
  2 quasits
  A bullfrog skeleton (D:8)
  6 orc priests
  5 orc wizards
  2 jellies
  2 iron imps (Depths:1)
  3 iguanas
  14 worker ants
  2 hound skeletons
  Robin (D:4)
  8 gnolls
  A howler monkey skeleton (D:5)
  14 adders
  3 shadow imps
  3 ufetubi (Depths:1)
  2 adder skeletons
  3 worms (D:2)
  2 dart slugs
  11 leopard geckos
  21 orcs
  10 bats
  11 giant cockroaches
  12 goblins
  10 hobgoblins
  10 jackals
  6 kobolds
  7 quokkas
  A ball python (D:4)
  A ball python skeleton (D:4)
  8 frilled lizards
  9 rats
  A bush (D:9)
  2 fungi
  2 plants
654 creatures vanquished.

Vanquished Creatures (collateral kills)
  An azure jelly (Slime:1)
  An orc warlord (Orc:2)
  An entropy weaver (Lair:5)
  An ettin (Depths:1)
  Harold (Lair:3)
  Fannar (Orc:1)
  5 hydras
  2 catoblepae (Lair:6)
  Erolcha (Orc:1)
  A two-headed ogre (D:15)
  A queen ant (Lair:5)
  5 death yaks (Lair:6)
  An orc high priest (Orc:2)
  Urug (Orc:2)
  An unseen horror (D:15)
  A wizard (D:9)
  A lindwurm (Lair:6)
  A wolf spider zombie (D:15)
  A deep elf mage (Orc:1)
  An orc sorcerer (Orc:1)
  A manticore (Lair:6)
  An oklob plant (Lair:6)
  4 black mambas
  3 spiny frogs (Lair:5)
  6 komodo dragons
  A yaktaur (Depths:1)
  A jumping spider (Lair:4)
  2 tengu conjurers
  3 trolls
  A hornet (D:13)
  2 polar bears (Lair:5)
  7 dream sheep
  4 hippogriffs
  3 blink frogs
  A shadow (D:15)
  9 yaks
  3 hogs (Lair:5)
  A wyvern (D:14)
  2 basilisks
  2 vampire mosquitoes (Lair:4)
  2 large abominations (D:9)
  5 water moccasins
  A porcupine (D:9)
  An ice beast (D:14)
  7 orc warriors
  A black bear (D:9)
  An eye of draining (D:12)
  5 ogres
  25 wolves
  2 big kobolds (D:14)
  4 crocodiles
  3 small abominations (D:9)
  3 bullfrogs
  6 wights
  2 electric eels (Orc:1)
  An orc priest (Orc:2)
  A hound (D:13)
  A bullfrog skeleton (D:9)
  3 orc wizards
  A worker ant (Lair:5)
  An adder (D:9)
  A shadow imp (D:9)
  An adder zombie (D:9)
  5 orcs
  A jackal (D:8)
  A quokka (D:9)
  A plant (Lair:6)
172 creatures vanquished.

Vanquished Creatures (others)
  2 orc sorcerers
  2 orc knights
  10 orc warriors
  A kobold demonologist (D:14)
  4 orc priests
  12 orc wizards
  27 orcs
  A hobgoblin (D:3)
  A kobold (D:3)
  7 fungi
  10 plants
77 creatures vanquished.

Grand Total: 903 creatures vanquished

Notes
Turn   | Place    | Note
-------+----------+-------------------------------------------
     0 | D:1      | Soyweiser the Hill Orc Fighter began the quest for the Orb.
     0 | D:1      | Reached XP level 1. HP: 19/19 MP: 1/1
   101 | D:1      | Reached skill level 3 in Axes
   209 | D:1      | Reached XP level 2. HP: 26/26 MP: 2/2
   575 | D:1      | Reached XP level 3. HP: 30/31 MP: 3/3
  1054 | D:2      | Reached skill level 1 in Evocations
  1080 | D:2      | Reached skill level 4 in Axes
  1216 | D:2      | Reached XP level 4. HP: 35/39 MP: 4/4
  1245 | D:3      | Became a worshipper of Beogh the Brigand
  2068 | D:2      | Reached XP level 5. HP: 45/45 MP: 6/6
  2444 | D:2      | You fall through a shaft!
  2509 | D:4      | Reached skill level 1 in Invocations
  2545 | D:4      | Noticed a phantom
  2605 | D:4      | Killed a phantom
  2605 | D:4      | Reached * piety under Beogh
  2605 | D:4      | Reached skill level 5 in Axes
  2605 | D:4      | Reached XP level 6. HP: 30/51 MP: 6/8
  2682 | D:4      | Noticed a sky beast
  2691 | D:4      | Killed a sky beast
  2691 | D:4      | Reached skill level 5 in Shields
  2754 | D:4      | Found a glowing drain.
  2840 | D:4      | Reached XP level 7. HP: 19/57 MP: 9/9
  3051 | Sewer    | Entered a sewer
  3132 | Sewer    | Noticed Purgy
  3149 | Sewer    | Killed Purgy
  3149 | Sewer    | Reached skill level 6 in Axes
  3698 | D:4      | Noticed Robin
  3729 | D:4      | Killed Robin
  4375 | D:5      | Entered Level 5 of the Dungeon
  4375 | D:5      | Noticed Pikel
  5040 | D:5      | Found a staircase to the Ecumenical Temple.
  5047 | Temple   | Entered the Ecumenical Temple
  5206 | D:5      | Reached ** piety under Beogh
  5261 | D:5      | Killed Pikel
  5261 | D:5      | Reached skill level 7 in Axes
  5261 | D:5      | Reached skill level 5 in Invocations
  5261 | D:5      | Reached XP level 8. HP: 46/64 MP: 4/12
  5466 | D:5      | Noticed Duvessa
  5466 | D:5      | Noticed Dowan
  5481 | D:5      | Killed Duvessa
  5481 | D:5      | Reached skill level 5 in Evocations
  5488 | D:5      | Killed Dowan
  5757 | D:5      | Found a blossoming altar of Fedhas.
  6205 | D:6      | Reached skill level 8 in Axes
  6229 | D:6      | Reached XP level 9. HP: 68/70 MP: 13/13
  7074 | D:6      | Found a bloodstained altar of Trog.
  7125 | D:6      | Noticed Sigmund
  7134 | D:6      | Killed Sigmund
  7668 | D:8      | Noticed a two-headed ogre
  7670 | D:7      | Reached skill level 5 in Armour
  7766 | D:7      | Reached skill level 9 in Axes
  8370 | D:7      | Reached *** piety under Beogh
  8797 | D:7      | Reached XP level 10. HP: 66/77 MP: 15/15
  9340 | D:8      | Found a deep blue altar of Sif Muna.
  9354 | D:8      | Reached skill level 10 in Axes
  9434 | D:8      | Found a hazy altar of Hepliaklqana.
  9434 | D:8      | Found a shattered altar of Ashenzari.
  9477 | D:9      | Found a staircase to the Orcish Mines.
  9617 | D:8      | Noticed Joseph
  9650 | D:8      | Killed Joseph
 10152 | D:8      | Killed a two-headed ogre
 10365 | D:8      | Found Derchep's Magic Scroll Boutique.
 10386 | D:8      | Bought a scroll of enchant armour for 112 gold pieces
 10386 | D:8      | Bought a scroll of identify for 30 gold pieces
 10386 | D:8      | Bought a scroll of remove curse for 45 gold pieces
 10406 | D:8      | Noticed a two-headed ogre
 10425 | D:8      | Killed a two-headed ogre
 10600 | D:8      | Reached **** piety under Beogh
 10760 | D:8      | Got a bloodstained leather armour
 10973 | D:8      | Reached skill level 11 in Axes
 11033 | D:9      | Reached XP level 11. HP: 59/82 MP: 17/17
 11153 | D:9      | Found a staircase to the Lair.
 11393 | D:9      | Noticed Erica
 11405 | D:9      | Killed Erica
 11606 | D:10     | Entered Level 10 of the Dungeon
 11927 | D:9      | Gained Bogdar as an ally
 11967 | D:9      | Noticed a two-headed ogre
 11975 | D:9      | Killed a two-headed ogre
 11975 | D:9      | Reached skill level 10 in Shields
 12046 | D:9      | Identified the cursed +1 leather armour of Ruskaeg {Int+3 Dex+3 Slay+2} (You found it on level 8 of the Dungeon)
 12088 | D:9      | Reached ***** piety under Beogh
 12114 | D:9      | Noticed a wizard
 12123 | D:9      | Killed a wizard
 12135 | D:9      | Noticed a large abomination
 12146 | D:9      | Your ally Bogdar died
 12420 | D:9      | Killed a large abomination
 12420 | D:9      | Reached skill level 1 in Maces & Flails
 12549 | D:9      | Reached skill level 10 in Armour
 12694 | D:9      | Got a heavily runed golden ring
 12706 | D:9      | Identified the ring of Leaves {rCorr rPois rC+ Int+2} (You found it on level 9 of the Dungeon)
 12749 | Orc:1    | Entered Level 1 of the Orcish Mines
 12860 | Lair:1   | Entered Level 1 of the Lair of Beasts
 12918 | D:8      | Bought a scroll of brand weapon for 300 gold pieces
 12986 | Lair:1   | Reached skill level 12 in Axes
 13001 | Lair:1   | Noticed a seven-headed hydra
 13011 | Lair:1   | Killed an 11-headed hydra
 13577 | Lair:1   | Gained Berold as an ally
 13630 | Lair:1   | Noticed an eight-headed hydra
 13642 | Lair:1   | Killed an eight-headed hydra
 13852 | Lair:1   | Got a distressingly furry ring mail
 13861 | Lair:1   | You fall through a shaft!
 13893 | Lair:2   | Reached XP level 12. HP: 81/90 MP: 18/18
 14501 | Lair:1   | Identified the +2 ring mail of Impatience {Dex+4} (You found it on level 1 of the Lair of Beasts)
 15625 | Lair:3   | Reached skill level 13 in Axes
 15704 | Lair:3   | Noticed a five-headed hydra
 15712 | Lair:3   | Killed a five-headed hydra
 15740 | Lair:4   | Noticed a seven-headed hydra
 15748 | Lair:4   | Killed a seven-headed hydra
 15790 | Lair:4   | Found a labyrinth entrance.
 15816 | Lab      | Entered a labyrinth
 16090 | Lab      | Noticed a minotaur
 16108 | Lab      | Killed a minotaur
 16234 | Lab      | Got a faintly humming ring mail
 16234 | Lab      | Got a faintly humming scale mail
 16234 | Lab      | Got a shimmering robe
 16311 | Lair:4   | Identified the +2 robe of Elyvilon's Delight {rCorr} (You found it in a labyrinth)
 16321 | Lair:4   | Identified the +1 scale mail "Ucuvait" {rF+ MR+} (You found it in a labyrinth)
 16331 | Lair:4   | Identified the +4 ring mail of Darkness {rPois MR+ Int-2} (You found it in a labyrinth)
 17085 | Lair:5   | Noticed a catoblepas
 17101 | Lair:5   | Killed a catoblepas
 17108 | Lair:5   | Gained Gorg as an ally
 17111 | Lair:5   | Reached skill level 14 in Axes
 17113 | Lair:5   | Reached XP level 13. HP: 85/95 MP: 19/19
 17149 | Lair:4   | Found a staircase to the Swamp.
 17337 | Lair:3   | Found a bloodstained altar of Trog.
 17823 | Lair:3   | Noticed Harold
 17837 | Lair:3   | Killed Harold
 18408 | Lair:4   | Your ally Gorg died
 18761 | Lair:4   | Found a hole to the Spider Nest.
 18913 | Lair:6   | Entered Level 6 of the Lair of Beasts
 18947 | Lair:6   | Reached ****** piety under Beogh
 19372 | Lair:5   | Noticed Kirke
 19390 | Lair:5   | Reached skill level 5 in Fighting
 19402 | Lair:5   | Killed Kirke
 19579 | Lair:5   | Reached skill level 15 in Axes
 19911 | Lair:5   | Reached skill level 1 in Polearms
 19968 | Lair:5   | Noticed an entropy weaver
 19969 | Lair:5   | Noticed an entropy weaver
 19972 | Lair:5   | Killed an entropy weaver
 19999 | Lair:5   | Reached XP level 14. HP: 89/113 MP: 14/20
 20012 | Lair:5   | Killed an entropy weaver
 20461 | Lair:6   | Found a staircase to the Slime Pits.
 20488 | Slime:1  | Entered Level 1 of the Pits of Slime
 22509 | Spider:1 | Entered Level 1 of the Spider Nest
 22728 | D:10     | Found Lilloeg's Book Shoppe.
 22732 | D:10     | Noticed Sonja
 22785 | D:10     | Killed Sonja
 22785 | D:10     | Reached skill level 10 in Fighting
 24246 | D:10     | Noticed Snorg
 24262 | D:10     | Killed Snorg
 25143 | D:11     | Reached skill level 16 in Axes
 25506 | D:11     | Reached XP level 15. HP: 116/128 MP: 21/21
 25915 | D:11     | Noticed Rakdos's ghost (journeyman MiBe)
 25943 | D:11     | Killed Rakdos's ghost
 26272 | D:11     | Got a dazzling leather armour
 27031 | D:12     | Identified a scroll of acquirement
 27069 | D:12     | Found Ujeto's Distillery.
 27077 | D:12     | Bought a potion of curing for 39 gold pieces
 27077 | D:12     | Bought a potion of curing for 39 gold pieces
 27077 | D:12     | Bought a potion of haste for 130 gold pieces
 27077 | D:12     | Bought a potion of haste for 130 gold pieces
 27077 | D:12     | Bought 2 potions of degeneration for 26 gold pieces
 27280 | D:12     | Identified the cursed +1 leather armour of the Present {Int+5} (You found it on level 11 of the Dungeon)
 28089 | Orc:2    | Entered Level 2 of the Orcish Mines
 28128 | Orc:1    | Noticed Fannar
 28132 | Orc:1    | Paralysed by an orc sorcerer for 6 turns
 28137 | Orc:1    | Noticed Erolcha
 28141 | Orc:1    | Killed Fannar
 28143 | Orc:1    | Killed Erolcha
 28490 | D:13     | Got a shimmering helmet
 28501 | D:13     | Identified the +3 helmet of Resonance {*Contam rElec rCorr} (You found it on level 13 of the Dungeon)
 28626 | D:13     | Reached skill level 1 in Dodging
 28750 | D:13     | Found a portal to a secret trove of treasure.
 28797 | D:13     | You fall through a shaft!
 29056 | D:15     | Entered Level 15 of the Dungeon
 29677 | D:14     | Found a gate to the Vaults.
 30005 | D:15     | Gained Bogbrand as an ally
 30009 | D:15     | Paralysed by an ogre mage for 4 turns
 30021 | D:15     | Your ally Bogbrand died
 30023 | D:15     | Gained Dorog as an ally
 30825 | D:15     | Reached skill level 15 in Shields
 31001 | D:15     | Found a staircase to the Depths.
 31008 | Depths:1 | Entered Level 1 of the Depths
 31080 | D:15     | Gained Harm as an ally
 31337 | D:15     | Reached XP level 16. HP: 141/141 MP: 22/22
 31343 | D:15     | Learned a level 1 spell: Corona
 31369 | D:15     | Reached skill level 17 in Axes
 31403 | D:15     | Found a transporter.
 31416 | D:15     | Found a transporter.
 31968 | Depths:1 | Found a one-way gate leading to the halls of Pandemonium.
 32619 | Depths:1 | Reached skill level 15 in Armour
 32687 | Depths:1 | Noticed a sphinx
 32694 | Depths:1 | Killed a sphinx
 32825 | Depths:1 | Your ally Harm died
 33788 | Depths:2 | You fall through a shaft for 2 floors!
 33860 | Depths:3 | Noticed a sphinx
 33862 | Depths:3 | Paralysed by a sphinx for 4 turns
 33865 | Depths:3 | HP: 5/145 [spark wasp (20)]
 33865 | Depths:3 | HP: 1/145 [spark wasp (4)]
 34479 | Depths:2 | Found a gateway to Hell.
 34964 | Hell     | Entered the Vestibule of Hell
 34964 | Hell     | Noticed Geryon
 35029 | Depths:1 | Reached skill level 10 in Evocations
 35058 | Depths:1 | Gained Gorbash as an ally
 35651 | Slime:1  | Noticed an azure jelly
 35663 | Slime:1  | Killed an azure jelly
 35820 | Slime:1  | Noticed an azure jelly
 35830 | Slime:1  | Killed an azure jelly
 35967 | Slime:1  | Noticed an acid blob
 35974 | Slime:1  | Your ally Bogbrand died
 35983 | Slime:1  | Killed an acid blob
 36074 | Slime:1  | Noticed an acid blob
 36097 | Slime:1  | Killed an acid blob
 36819 | Orc:2    | Reached XP level 17. HP: 151/152 MP: 24/24
 36882 | Orc:2    | Found a staircase to the Elven Halls.
 36891 | Elf:1    | Entered Level 1 of the Elven Halls
 37077 | Orc:2    | Noticed Urug
 37083 | Orc:2    | Gained Gorm as an ally
 37098 | Orc:2    | Killed Urug
 37109 | Orc:2    | Found a roughly hewn altar of Beogh.
 37121 | Orc:2    | Found Hanausmot's Antique Weapon Boutique.
 37172 | Orc:2    | Found Deotu's Book Boutique.
 37277 | Orc:1    | Paralysed by an orc sorcerer for 7 turns
 37284 | Orc:1    | HP: 7/154 [rust devil[an orc sorcerer] (1)]
 37284 | Orc:1    | Killed from afar by an orc sorcerer

Skill      XL: |  1  2  3  4  5  6  7  8  9 10 11 12 13 14 15 16 |
---------------+-------------------------------------------------+-----
Axes           | 3 4 5 7 8 9 11 12 14 15 16 17 | 17.7
Evocations     | 1 2 3 4 5 6 8 9 10 | 10.2
Shields        | 4 5 6 8 9 10 12 13 14 15 | 15.6
Invocations    | 2 3 5 6 |  6.0
Armour         | 6 7 10 12 13 14 15 | 15.4
Maces & Flails | 1 |  1.6
Fighting       | 7 10 12 14 | 14.4
Polearms       | 1 3 |  3.0
Dodging        | 2 4 |  4.7

Action                   |  1- 3 |  4- 6 |  7- 9 | 10-12 | 13-15 | 16-18 || total
-------------------------+-------+-------+-------+-------+-------+-------++-------
Melee: War axe           |   112 |   133 |   438 |   600 |  1455 |   726 ||  3464
       Trident           |       |       |       |    44 |    45 |       ||    89
 Fire: Blowgun           |       |       |       |       |     3 |       ||     3
Throw: Stone             |     1 |     9 |       |     2 |       |       ||    12
       Tomahawk          |       |     1 |    35 |    32 |    41 |     5 ||   114
Invok: Convert to Beogh  |       |     1 |       |       |       |       ||     1
       Smiting           |       |       |     2 |       |     8 |     5 ||    15
       Recall Orcish Fol |       |       |       |     2 |     2 |     1 ||     5
       Give Item to Name |       |       |       |     1 |     3 |       ||     4
       Resurrection      |       |       |       |       |     1 |     1 ||     2
       Stop Recall       |       |       |       |       |       |     1 ||     1
 Abil: Evoke Berserk Rag |       |       |     6 |     6 |     3 |     1 ||    16
Evoke: Lightning rod     |       |       |       |       |     8 |       ||     8
       Wand              |       |       |       |       |     4 |       ||     4
       Phial of floods   |       |       |       |       |     1 |       ||     1
  Use: Scroll            |       |     4 |     6 |    22 |    11 |    11 ||    54
       Potion            |       |       |     5 |     2 |       |     5 ||    12
 Stab: Distracted        |       |       |       |     5 |     8 |     3 ||    16
       Petrified         |       |       |       |     2 |     4 |       ||     6
       Paralysed         |       |       |       |       |       |     3 ||     3
  Eat: Chunk             |     1 |     5 |    18 |    20 |    26 |     9 ||    79
       Meat ration       |       |       |     2 |     2 |     3 |       ||     7
       Royal jelly       |       |       |     1 |     1 |     1 |     1 ||     4
       Fruit             |       |       |       |     2 |    11 |     6 ||    19
       Bread ration      |       |       |       |     1 |       |     1 ||     2
Armor: Scale mail        |    56 |    45 |   196 |    60 |   747 |   235 ||  1339
       Plate armour      |       |       |       |    98 |       |       ||    98
       Leather armour    |       |       |       |    75 |       |       ||    75
       Ring mail         |       |       |       |    51 |       |       ||    51
Dodge: Dodged            |    37 |    31 |   126 |   169 |   394 |   156 ||   913
       Deflected         |       |       |       |       |    15 |    12 ||    27
Block: Shield            |    61 |    69 |   241 |   351 |   850 |   320 ||  1892
